 Dungeon Crawl Stone Soup version 0.30.1-4-g462c640d31 (webtiles) character file.

Game seed: 8061914386558403216

121 FishyPogo the Ruffian (level 4, -1/36 HPs)
             Began as a Draconian Transmuter on Aug 18, 2023.
             Slain by a gnoll
             ... wielding a +0 halberd
              (11 damage)
             ... on level 3 of the Dungeon.
             The game lasted 00:03:59 (2329 turns).

FishyPogo the Ruffian (Draconian Transmuter)        Turns: 2329, Time: 00:03:59

Health: -1/36      AC:  6    Str: 12    XL:     4   Next: 77%
Magic:  5/7        EV: 12    Int: 16    God:
Gold:   209        SH:  0    Dex: 11    Spells: 1/7 levels left

rFire   . . .        s - +1 spear "Akedaef" {freeze, rCorr Stlth+}
rCold   . . .        (no shield)
rNeg    . . .        (body armour unavailable)
rPois   .            (helmet currently unavailable)
rElec   .            (no cloak)
rCorr   +            o - +0 pair of gloves
SInv    .            (boots currently unavailable)
Will    .....        (no amulet)
Stlth   ++           (no ring)
HPRegen 0.26/turn    (no ring)
MPRegen 0.10/turn

%: no passive effects
@: lethally poisoned (-1 -> -9), appendages, wereblooded
A: horns 2, talons 2, AC +5, unfitting armour, cold-blooded
a: End Transformation


You were on level 3 of the Dungeon.
You had temporarily grown beastly horns and talons.
You visited 1 branch of the dungeon, and saw 3 of its levels.

You collected 209 gold pieces.

Inventory:

Hand Weapons
 a - a +0 long sword of electrocution
 s - the +1 spear "Akedaef" (weapon) {freeze, rCorr Stlth+}
   (You found it on level 3 of the Dungeon)

   rCorr:     It protects you from acid and corrosion.
   Stlth:     It makes you more stealthy.
Missiles
 c - 25 stones
Armour
 o - a +0 pair of gloves (worn)
Scrolls
 d - 2 scrolls of identify {unknown}
 e - a scroll of immolation {unknown}
 f - a scroll of torment {unknown}
 i - a scroll of fear {unknown}
 r - a scroll of summoning {unknown}
Potions
 b - 2 potions of curing {unknown}
 g - 2 potions of degeneration {unknown}
 h - a potion of haste {unknown}
 j - a potion of might {unknown}
 k - a potion of attraction {unknown}
 l - a potion of lignification
 m - a potion of mutation {unknown}
 n - a potion of heal wounds {unknown}
 p - a potion of brilliance {unknown}
 q - a potion of cancellation {unknown}


   Skills:
 - Level 2.0 Fighting
 + Level 2.2 Dodging
 + Level 3.9 Unarmed Combat
 - Level 2.0 Spellcasting
 + Level 3.1 Transmutations
 * Level 1.6 Poison Magic


You had one spell level left.
You knew the following spells:

 Your Spells              Type           Power      Damage    Failure   Level
a - Beastly Appendage     Tmut           22%        N/A       6%          1
b - Wereblood             Tmut           11%        N/A       9%          2
c - Spider Form           Tmut/Pois      9%         N/A       22%         3

Your spell library contained the following spells:

 Spells                   Type           Power      Damage    Failure   Level
 Ice Form                 Ice/Tmut       6%         N/A       73%         4


Dungeon Overview and Level Annotations

Branches:
Dungeon (3/15)

Altars:

Shops:
D:1 (


Innate Abilities, Weirdness & Mutations

You have temporarily grown beastly horns and talons.
Your plain brown scales are hard. (AC +5)
You cannot fit into any form of body armour.
You are cold-blooded and may be slowed by cold attacks.


Message History

A gnoll comes into view. It is wielding a +0 halberd.
Casting: Beastly Appendage (safe; 6% risk of failure)
Confirm with . or Enter, or press ? or * to list all spells.
You grow a pair of large bovine horns.
Your feet morph into talons.
Casting: Beastly Appendage (safe; 6% risk of failure)
Confirm with . or Enter, or press ? or * to list all spells.
Your blood is infused with primal strength.
You closely miss the gnoll. You headbutt the gnoll. You tail-slap the gnoll.
The gnoll is severely wounded.
You barely miss the gnoll.
Your tail-slap misses the gnoll.
The gnoll is severely wounded.
The gnoll hits you with a +0 club.
You hit the gnoll but do no damage. You claw the gnoll.
You feel a bit better.
You kill the gnoll!
The gnoll closely misses you.
You hit the gnoll but do no damage. The gnoll closely misses you.
The gnoll misses you.
You hit the gnoll. You freeze the gnoll. Your kick misses the gnoll.
The gnoll is heavily wounded.
The gnoll hits you with a +1 flail of venom!
You are poisoned.
The gnoll hits you but does no damage.
You hit the gnoll. You freeze the gnoll.
You feel a bit better.
You kill the gnoll!
You feel very sick.
The gnoll hits you from afar with a +0 halberd!
You are too injured to fight recklessly!
You are too injured to fight recklessly!
You are too injured to fight recklessly!
You howl as the wereblood boils in your veins!
You feel very sick. The gnoll barely misses you.
Things that are here:
a +1 flail of venom; a gnoll corpse You hit the gnoll.
You freeze the gnoll. Your kick misses the gnoll. You headbutt the gnoll!
Your tail-slap misses the gnoll.
The gnoll is severely wounded.
You howl as the wereblood boils in your veins!
You feel sick. The gnoll hits you with a +0 halberd!
You die...

............##
#.#.
..........###
#.#. . .#.......#
#... .. #.......#
##.. ...
#.......# ....
#.......# .....
##.#.....#
......##..##.####
......g@.###.#
......##).##.#
..#.# ##.##.# ..
..... . #####


You could see a gnoll.

Vanquished Creatures
  2 gnolls (D:3)
  6 adders
  A dart slug (D:3)
  4 bats
  3 endoplasms
  A giant cockroach (D:3)
  5 hobgoblins (D:1)
  4 jackals (D:1)
  4 kobolds
  2 quokkas
  4 ball pythons (D:1)
  2 frilled lizards
  3 goblins
  6 rats
47 creatures vanquished.

Notes
Turn   | Place    | Note
-------+----------+-------------------------------------------
     0 | D:1      | FishyPogo the Draconian Transmuter began the quest for the
                  | Orb.
     0 | D:1      | Reached XP level 1. HP: 16/16 MP: 3/3
   289 | D:1      | Reached XP level 2. HP: 22/23 MP: 3/5
   452 | D:1      | Found Halanni's Antique Weapon Shop.
  1176 | D:2      | Reached XP level 3. HP: 18/29 MP: 4/6
  1295 | D:2      | Learned a level 2 spell: Wereblood
  1299 | D:2      | Learned a level 3 spell: Spider Form
  1648 | D:2      | Reached XP level 4. HP: 29/36 MP: 5/7
  1956 | D:2      | Reached skill level 1 in Poison Magic
  2180 | D:3      | Identified the +1 spear "Akedaef" {freeze, rCorr Stlth+}
  2329 | D:3      | Slain by a gnoll

Illustrated notes

Levels and vault maps discovered:
D:1:      scummos_arrival_gate, layout_loops_corners, serial_shops,
          nicolae_shop_pleasant_corner_grove
D:2:      layout_loops_corners
D:3:      layout_rooms, roderic_lattice_a, nrook_mini_backslash,
          minmay_quantized, uniq_jessica

Skill      XL: |  1  2  3  4 |
---------------+-------------+-----
Dodging        | 2 |  2.2
Fighting       | 2 |  2.0
Poison Magic   | 1 |  1.6
Transmutations | 3 |  3.1
Unarmed Combat | |  3.9
Spellcasting   | |  2.0

Action                     |  1- 3 |  4- 6 || total
---------------------------+-------+-------++-------
  Melee: Unarmed           |    81 |       ||    81
         Kick              |    17 |     4 ||    21
         Headbutt          |     5 |     4 ||     9
         Tailslap          |     1 |     2 ||     3
         Punch             |     3 |       ||     3
         Spear             |       |    26 ||    26
         Long sword        |       |    11 ||    11
   Cast: Beastly Appendage |    30 |    11 ||    41
         Wereblood         |       |     1 ||     1
   Stab: Sleeping          |       |     4 ||     4
 Armour: Skin              |    18 |     7 ||    25
  Dodge: Dodged            |    54 |    19 ||    73
